 Dungeon Crawl Stone Soup version 0.29-a0-231-g945431f764 (webtiles) character file.

Game seed: 1404694171718100311

378954 mdonais the Warrior (level 22, -20/210 HPs)
             Began as an Octopode Hunter on Feb 22, 2022.
             Was the Champion of Okawaru.
             Demolished by a reaper
             ... wielding a +2 antimagic scythe
             ... summoned by a dread lich
              (24 damage)
             ... while paralysed by a dread lich
             ... on level 5 of the Vaults on Mar 1, 2022.
             The game lasted 05:16:10 (68731 turns).

mdonais the Warrior (Octopode Hunter)              Turns: 68731, Time: 05:16:11

Health: -20/210    AC: 32    Str: 22    XL:     22   Next: 84%
Magic:  18/39      EV:  2    Int: 30    God:    Okawaru [******]
Gold:   536        SH:  0    Dex: 45    Spells: 8/41 levels left

rFire   + . .      SeeInvis +     - Unarmed
rCold   . . .      Faith    .   e - +2 kite shield "Agucw" {Str+4 Int+2}
rNeg    + + +      Spirit   .   t - +0 hat of Qeiferch {+Blink Int+3 Dex+3}
rPois   ∞          Reflect  +   o - amulet of Rationality {Reflect Fragile rN+ Dex+7 SH+5 Stlth-}
rElec   +          Harm     .   i - ring of willpower
rCorr   .          Rampage  .   L - +4 ring of protection
Will    ++...      Clarity  +   v - +6 ring of dexterity
Stlth   ++++++++..              s - ring of see invisible
HPRegen 0.45/turn               O - ring "Odorph" {rPois rN+ Will- Int+6 Dex+8}
MPRegen 0.26/turn               l - +6 ring of intelligence
                                y - ring "Metuiwack" {rElec Will+ Str+4 Slay+2 Stlth+}
                                j - ring "Funakk" {Wiz rF+}

@: paralysed, statue-form, heroic, attractive, studying Bows
A: slow and powerful, torment resistance 1, boosted hp, almost no armour,
amphibious, 8 rings, camouflage 1, (gelatinous body 1), (nimble swimmer 1),
tentacles, clarity, high MP 1
}: 2/15 runes: decaying, gossamer
a: End Transformation, Renounce Religion, Evoke Blink, Heroism, Finesse, Duel


You were on level 5 of the Vaults.
You worshipped Okawaru.
Okawaru was exalted by your worship.
You were a living statue of rough stone.
You visited 8 branches of the dungeon, and saw 40 of its levels.
You visited the Abyss 1 time.
You visited 1 bazaar.
You also visited: Ice Cave and Wizlab.

You collected 3550 gold pieces.
You spent 3014 gold pieces at shops.

Inventory:

Hand Weapons
 a - the +3 sling "Punk" {acid, rCorr}
   (Okawaru gifted it to you on level 2 of the Swamp)

   Any ammunition fired from it is coated in acid, damaging and corroding those
   it strikes.
   rCorr:     It protects you from acid and corrosion.
Missiles
 F - 9 curare-tipped darts (quivered)
 G - 12 datura-tipped darts
 Z - 3 throwing nets {=!f}
Armour
 e - the +2 kite shield "Agucw" (worn) {Str+4 Int+2}
   (Okawaru gifted it to you on level 3 of the Spider Nest)

   Str:       It affects your strength (+4).
   Int:       It affects your intelligence (+2).
 t - the +0 hat of Qeiferch (worn) {+Blink Int+3 Dex+3}
   (Okawaru gifted it to you on level 4 of the Spider Nest)

   Int:       It affects your intelligence (+3).
   Dex:       It affects your dexterity (+3).
   +Blink:    It lets you blink.
 E - a +1 tower shield of reflection
   (Okawaru gifted it to you on level 1 of the Vaults)
 V - the +18 shield of the Gong {rElec rN+ Will+ EV-5}
   (You found it on level 4 of the Vaults)

   It is deafeningly noisy when blocking attacks.
   EV:        It affects your evasion (-5).
   rElec:     It insulates you from electricity.
   rN:        It protects you from negative energy.
   Will:      It increases your willpower.
Jewellery
 c - a ring of protection from cold
   (You took it off an efreet on level 9 of the Dungeon)
 f - a ring of protection from fire
   (You took it off an orc warrior on level 9 of the Dungeon)
 i - a ring of willpower (left tentacle)
   (You took it off a kobold on level 6 of the Dungeon)
 j - the ring "Funakk" (on tentacle) {Wiz rF+}
   (You bought it in a shop on level 15 of the Dungeon)

   [ring of wizardry]

   It improves your spell success rate.
   rF:        It protects you from fire.
 l - a +6 ring of intelligence (on tentacle)
   (You found it on level 4 of the Spider Nest)
 o - the amulet of Rationality (around mantle) {Reflect Fragile rN+ Dex+7 SH+5 Stlth-}
   (You bought it in a shop on level 2 of the Elven Halls)

   [amulet of reflection]

   It reflects blocked missile attacks.
   Dex:       It affects your dexterity (+7).
   rN:        It protects you from negative energy.
   Fragile:   It will be destroyed if unequipped.
   SH:        It affects your SH (+5).
   Stlth:     It makes you less stealthy.
 s - a ring of see invisible (on tentacle)
   (You found it on level 9 of the Dungeon)
 v - a +6 ring of dexterity (on tentacle)
   (You found it on level 1 of the Swamp)
 x - a +4 ring of evasion
   (You took it off a wizard on level 3 of the Vaults)
 y - the ring "Metuiwack" (on tentacle) {rElec Will+ Str+4 Slay+2 Stlth+}
   (You bought it in a shop on level 2 of the Orcish Mines)

   [ring of willpower]

   Str:       It affects your strength (+4).
   Slay:      It affects your accuracy & damage with ranged weapons and melee
   (+2).
   rElec:     It insulates you from electricity.
   Will:      It increases your willpower.
   Stlth:     It makes you more stealthy.
 L - a +4 ring of protection (right tentacle)
   (You found it on level 7 of the Dungeon)
 O - the ring "Odorph" (on tentacle) {rPois rN+ Will- Int+6 Dex+8}
   (You took it off a centaur warrior on level 9 of the Dungeon)

   [ring of intelligence]

   Int:       It affects your intelligence (+6).
   Dex:       It affects your dexterity (+8).
   rPois:     It protects you from poison.
   rN:        It protects you from negative energy.
   Will:      It decreases your willpower.
Wands
 b - a wand of mindburst (38)
   (You found it on level 4 of the Spider Nest)
 A - a wand of acid (20)
   (You found it on level 15 of the Dungeon)
 D - a wand of digging (4)
   (You found it on level 2 of the Swamp)
 I - a wand of iceblast (24)
   (You found it on level 13 of the Dungeon)
 P - a wand of paralysis (22)
   (You found it on level 8 of the Dungeon)
Scrolls
 h - a scroll of enchant armour
 k - 3 scrolls of holy word
 p - 7 scrolls of vulnerability
 q - 3 scrolls of fog
 w - 6 scrolls of immolation
 B - 3 scrolls of blinking
 M - a scroll of magic mapping
 R - 4 scrolls of silence
 S - 8 scrolls of fear
 T - 9 scrolls of teleportation
Potions
 d - 5 potions of might
 g - 7 potions of attraction
 m - 4 potions of ambrosia
 n - 5 potions of lignification
 r - 8 potions of heal wounds
 u - 2 potions of invisibility
 z - 21 potions of mutation
 C - 5 potions of magic
 H - 6 potions of haste
 K - 4 potions of resistance
 N - 6 potions of brilliance
 Q - 7 potions of curing
 W - 3 potions of cancellation
 X - 3 potions of berserk rage
Miscellaneous
 J - a condenser vane
   (You found it on level 4 of the Swamp)
 U - a phial of floods
   (You found it on level 4 of the Vaults)
 Y - a tin of tremorstones (inert)
   (You found it on level 9 of the Dungeon)


   Skills:
 - Level 17.0(22.0) Fighting
 + Level 14.4(19.4) Slings
 + Level 14.5(19.5) Dodging
 - Level 7.0(12.0) Stealth
 - Level 13.0(18.0) Shields
 + Level 16.7(21.7) Unarmed Combat
 - Level 10.0 Spellcasting
 - Level 3.0 Necromancy
 - Level 6.1 Translocations
 - Level 13.7 Transmutations
 - Level 13.0 Air Magic
 - Level 10.0 Earth Magic
 - Level 9.0 Invocations
 - Level 7.0 Evocations


You had 8 spell levels left.
You knew the following spells:

 Your Spells              Type           Power      Damage    Failure   Level
a - Irradiate             Conj/Tmut      27%        3d23      3%          5
b - Statue Form           Tmut/Erth      48%        N/A       2%          6
c - Storm Form            Tmut/Air       38%        N/A       8%          7
d - Manifold Assault      Tloc           51%        N/A       4%          5
e - Passwall              Tmut/Erth      60%        N/A       1%          2
f - Blink                 Tloc           100%       N/A       1%          2
g - Swiftness             Air            76%        N/A       1%          3
h - Static Discharge      Conj/Air       52%        N/A       1%          2
i - Apportation           Tloc           100%       N/A       1%          1

Your spell library contained the following spells:

 Spells                   Type           Power      Damage    Failure   Level
 Beastly Appendage        Tmut           100%       N/A       0%          1
 Shock                    Conj/Air       100%       1d9       1%          1
 Sting                    Tmut/Pois      100%       1d8       1%          1
 Sublimation of Blood     Necr           33%        N/A       1%          2
 Wereblood                Tmut           77%        N/A       1%          2
 Gell's Gravitas          Tloc           51%        N/A       1%          3
 Lesser Beckoning         Tloc           51%        N/A       1%          3
 Mephitic Cloud           Conj/Pois/Air  41%        N/A       1%          3
 Teleport Other           Tloc           51%        N/A       1%          3
 Airstrike                Air            38%        N/A       1%          4
 Ice Form                 Ice/Tmut       54%        N/A       1%          4
 Petrify                  Tmut/Erth      72%        N/A       1%          4
 Blade Hands              Tmut           38%        N/A       1%          5
 Freeze                   Ice            60%        1d8       2%          1
 Magic Dart               Conj           60%        1d6       2%          1
 Ensorcelled Hibernation  Hex/Ice        30%        N/A       3%          2
 Alistair's Intoxication  Tmut/Pois      36%        N/A       3%          5
 Borgnjor's Vile Clutch   Necr/Erth      26%        N/A       4%          5
 Silence                  Hex/Air        26%        N/A       4%          5
 Dazzling Flash           Conj/Hex       30%        N/A       6%          3
 Frozen Ramparts          Ice            30%        1d5       6%          3
 Dispel Undead            Necr           33%        3d14      6%          4
 Iskenderun's Mystic Bla  Conj/Tloc      33%        2d8       6%          4
 Dragon Form              Tmut           38%        N/A       6%          7
 Agony                    Necr           33%        N/A       16%         5
 Eringya's Noxious Bog    Tmut/Pois      27%        N/A       19%         6
 Hailstorm                Conj/Ice       15%        3d5       21%         4
 Sticky Flame             Conj/Fire      15%        2d4       21%         4
 Dispersal                Tloc           25%        N/A       26%         6
 Metabolic Englaciation   Hex/Ice        7%         N/A       47%         5
 Starburst                Conj/Fire      7%         6d4       95%         6
 Disjunction              Tloc           25%        N/A       100%        8
 Death's Door             Necr           16%        N/A       100%        9
 Animate Skeleton         Necr           Unusable   N/A       N/A         1
 Call Imp                 Summ           Unusable   N/A       N/A         2
 Animate Dead             Necr           Unusable   N/A       N/A         4
 Death Channel            Necr           Unusable   N/A       N/A         6
 Simulacrum               Ice/Necr       Unusable   N/A       N/A         6
 Haunt                    Necr/Summ      Unusable   N/A       N/A         7

Dungeon Overview and Level Annotations

Branches:
Dungeon (15/15)            Temple (1/1) D:6            Lair (6/6) D:8
  Swamp (4/4) Lair:4       Spider (4/4) Lair:3        Slime (0/5) Lair:5
    Orc (2/2) D:9             Elf (3/3) Orc:2        Vaults (5/5) D:14
  Crypt (0/3) Vaults:2     Depths (0/4) D:15          IceCv (visited)
 WizLab (visited)

Altars:
Ashenzari
Cheibriados
Dithmenos
Elyvilon
Fedhas
Gozag
Hepliaklqana
Kikubaaqudgha
Makhleb
Nemelex Xobeh
Okawaru
Qazlal
Ru
Sif Muna
Trog
Uskayaw
Vehumet
Wu Jian
Xom
Yredelemnul
Zin
The Shining One
Jiyva

Shops:
D:8 [   D:10 [   D:15 =   Orc:2 =*?:   Elf:1 =*!(   Elf:2 (*   Vaults:3 :
Vaults:4 (

Annotations:
Lair:3 exclusion: oklob plant
Lair:5 1 runed translucent door
Elf:3 Aizul


Innate Abilities, Weirdness & Mutations

You are a living statue of rough stone.
Your actions are slow, but your melee attacks are powerful.
You are resistant to unholy torment.
Your maximum health is greatly increased.
You are immune to poison.
You cannot wear most types of armour.
You are amphibious.
You can wear up to eight rings at the same time.
Your skin changes colour to match your surroundings (Stealth+).
((Your rubbery body absorbs attacks. (AC +1, EV +1)))
((You are camouflaged when in or above water. (Stealth+)))
You have tentacles for arms and can constrict up to eight enemies at once.
You possess an exceptional clarity of mind.
You have an increased reservoir of magic. (+10% MP)


Message History

The burst of rock shards engulfs the vault guard but does no damage.
The burst of rock shards engulfs the frost giant.
The burst of rock shards engulfs the entropy weaver!
The burst of rock shards engulfs the vault guard!
You hear a shout! x2; You hear a horrible gurgling sound!
You hear a deafening roar!
You hear a shout!
You hear a horrible gurgling sound! x2; You hear a shout!
You hear a howl!
You hear a shout! x6
The snapping turtle changes into an orb spider!
The dread lich completely misses you.
The vault guard is engulfed in blazing flames. x2
You kill the vault guard!
Okawaru accepts your kill.
The tormentor is engulfed in blazing flames.
The vault guard is engulfed in blazing flames. x2
You kill the vault guard!
Okawaru accepts your kill.
The dread lich touches you but does no damage.
The entropy weaver is engulfed in blazing flames.
The dread lich mumbles some strange words.
The vault guard is engulfed in blazing flames.
You block the vault guard's attack.
The frost giant is engulfed in blazing flames.
You block the frost giant's attack.
The reaper is engulfed in blazing flames.
The reaper misses you.
The vault guard is engulfed in blazing flames.
You kill the vault guard!
Okawaru accepts your kill.
A storm dragon comes into view.
The vault guard is engulfed in blazing flames.
The tormentor is engulfed in blazing flames.
The dread lich touches you.
The storm dragon is attracted toward you.
Base training target 13.0 for Shields reached!
Your base Shields skill increases to level 13!
You take 4 damage, and have 131/210 hp.
That's the wrong kind of item! (Use * to select it.) Evoke which item? (* to show all) (? for menu, Esc to quit)
Okay, then.
Unknown command.
The tremorstone explodes into fragments!
The burst of rock shards engulfs the Brimstone Fiend.
The burst of rock shards engulfs the orb spider!!
You kill the orb spider!
Okawaru accepts your kill.
The burst of rock shards engulfs the lorocyproca but does no damage.
The burst of rock shards engulfs the vault guard.
The burst of rock shards engulfs the tormentor.
The burst of rock shards engulfs the tormentor but does no damage.
The burst of rock shards engulfs the dread lich but does no damage.
The burst of rock shards engulfs you but does no damage.
The burst of rock shards engulfs the reaper.
The burst of rock shards engulfs the dread lich but does no damage.
The burst of rock shards engulfs the storm dragon but does no damage.
The storm dragon roars deafeningly!
The burst of rock shards engulfs the storm dragon but does no damage.
The burst of rock shards engulfs the lorocyproca but does no damage.
The burst of rock shards engulfs the Brimstone Fiend but does no damage.
The burst of rock shards engulfs the storm dragon.
The burst of rock shards engulfs the reaper but does no damage.
The burst of rock shards engulfs the lorocyproca!
The burst of rock shards engulfs the Brimstone Fiend.
The tin is emptied!
You hear a shout!
You hear a bleat!
You hear a shout! x2
The dread lich casts a spell at you.
You suddenly lose the ability to move!
The tormentor is engulfed in blazing flames.
The entropy weaver is engulfed in blazing flames.
The entropy weaver hits you but does no damage. x4
The tormentor is engulfed in blazing flames.
The tormentor barely misses you. x2
The storm dragon is engulfed in blazing flames.
The vault guard is engulfed in blazing flames.
You kill the vault guard!
Okawaru accepts your kill.
The frost giant is engulfed in blazing flames.
The frost giant points at you and mumbles some strange words.
The bolt of cold hits you!!!
You hear a sizzling sound!
The reaper is engulfed in blazing flames.
The reaper hits you from afar with a +2 antimagic scythe!
* * * LOW HITPOINT WARNING * * *
You feel your power leaking away. The dread lich casts a spell at you.
You shrug off the repeated paralysis!
The tormentor is engulfed in blazing flames.
The vault guard hits you but does no damage.
The entropy weaver is engulfed in blazing flames.
You kill the entropy weaver!
Okawaru accepts your kill.
The dread lich is engulfed in blazing flames.
The dread lich points at you and mumbles some strange words.
You shrug off the repeated paralysis!
The lorocyproca is engulfed in blazing flames.
The tormentor is engulfed in blazing flames.
The tormentor hits you.
* * * LOW HITPOINT WARNING * * *
The tormentor hits you.
* * * LOW HITPOINT WARNING * * *
The frost giant is engulfed in blazing flames.
The frost giant hits you with a +0 battleaxe of freezing.
* * * LOW HITPOINT WARNING * * *
The frost giant freezes you.
* * * LOW HITPOINT WARNING * * *
The reaper is engulfed in blazing flames.
The reaper completely misses you.
The dread lich touches you but does no damage.
The tormentor hits you but does no damage.
The tormentor completely misses you. The Brimstone Fiend hits you.
* * * LOW HITPOINT WARNING * * *
The Brimstone Fiend hits you but does no damage. x2
The vault guard is engulfed in blazing flames.
The vault guard hits you but does no damage.
The lorocyproca is engulfed in blazing flames.
The dread lich touches you but does no damage.
The dread lich touches you!
* * * LOW HITPOINT WARNING * * *
The tormentor is engulfed in blazing flames.
The tormentor hits you but does no damage. x2
An ettin comes into view.
It is wielding a +1 dire flail of protection and a +3 dire flail.
The storm dragon is engulfed in blazing flames.
The reaper says, "Everyone has to die sometime, and your time is now."
The reaper hits you from afar with a +2 antimagic scythe!!
* * * LOW HITPOINT WARNING * * *
You feel your power leaking away.
The frost giant is engulfed in blazing flames.
You kill the frost giant!
Okawaru accepts your kill. The ettin is attracted toward you.
A sphinx comes into view.
The dread lich touches you but does no damage.
The tormentor is engulfed in blazing flames.
The tormentor hits you.
* * * LOW HITPOINT WARNING * * *
The tormentor hits you but does no damage.
The Brimstone Fiend hits you but does no damage. x3
The storm dragon is engulfed in blazing flames.
The vault guard is engulfed in blazing flames.
You kill the vault guard!
Okawaru accepts your kill.
The dread lich gestures wildly while chanting.
The dread lich seems to speed up.
The tormentor is engulfed in blazing flames.
The ettin is engulfed in blazing flames.
The ettin hits you with a +1 dire flail of protection!
* * * LOW HITPOINT WARNING * * *
The ettin hits you but does no damage.
The reaper hits you from afar with a +2 antimagic scythe!!
You die...

...#....# ..
#..#.[..#...
#..#..).#§§§
§..§°○§○§§°
#####§○§§.§§§##
....§§§§§§§§§☼.
....§§C§○°°§§..
....§§28LD§§§§.
....§§L12○☼.§§.
#####§22§§°☼§##
#...§§§§....
#..#§°§§#...
..##§°§§# ..
.H# #....# .
#.. #....#


You could see 2 dread liches, a storm dragon, a Brimstone Fiend (summoned), a
sphinx, a lorocyproca (summoned, invisible), a reaper (summoned), an ettin and 2
tormentors.

Vanquished Creatures
  Mara (Vaults:4)
  A mutant beast (WizLab)
  Arachne (Spider:3)
  A Hell Sentinel (Abyss:2)
  Rupert (Lair:5)
  Mlioglotl (Arena)
  Frances (Lair:3)
  A tentacled starspawn (Abyss:2)
  3 thorn hunters
  3 sphinxes
  Donald (Swamp:4)
  7 fenstrider witches
  A draconian monk (Abyss:2)
  Roxanne (Spider:4)
  4 deep elf sorcerers
  A frost giant (Vaults:5)
  7 emperor scorpions
  An azure jelly (Lair:4)
  An orc warlord (Vaults:3)
  10 vault wardens
  7 ghost moths
  5 ghouls
  10 ironbound preservers
  A reaper (IceCv)
  4 stone giants
  5 broodmothers
  12 ironbound thunderhulks
  18 very ugly things
  An eleionoma (Swamp:4)
  A vampire knight (Vaults:2)
  2 deep elf demonologists (Elf:1)
  A deep elf annihilator (Vaults:4)
  A spark wasp (Spider:4)
  6 dire elephants (Vaults:4)
  7 entropy weavers
  A deep elf death mage (Elf:1)
  2 blizzard demons (Swamp:4)
  A jiangshi (Vaults:2)
  An ettin (Vaults:3)
  A crystal guardian (Vaults:2)
  Josephine (Lair:6)
  15 yaktaur captains
  3 shambling mangroves
  Harold (D:7)
  6 great orbs of eyes
  2 deep elf high priests
  An ice dragon (D:13)
  30 vault guards
  11 hydras
  2 peacekeepers
  8 ghost crabs
  8 boulder beetles
  A jorogumo (Spider:2)
  3 radroaches (Spider:3)
  3 ogre magi
  6 two-headed ogres
  9 ironbound frosthearts
  2 spriggan air magi (Swamp:4)
  15 centaur warriors
  5 catoblepae
  31 dancing weapons
  7 alligators
  11 death yaks
  2 deep troll earth magi (Vaults:3)
  4 tengu warriors
  2 vampire magi (Vaults:2)
  2 soul eaters (Swamp:4)
  A thrashing horror (Abyss:2)
  A shock serpent (shapeshifter) (WizLab)
  3 orc high priests (Orc:2)
  21 deep elf knights
  6 pharaoh ants
  5 steelbarb worms
  A quicksilver dragon simulacrum (Abyss:2)
  8 spriggan druids
  A fire crab (shapeshifter) (WizLab)
  3 goliath frogs
  36 deep trolls
  2 sea snakes (shapeshifter)
  2 swamp dragons (Swamp:4)
  9 orb spiders
  A sun moth (Spider:3)
  A phantasmal warrior (Vaults:3)
  8 orc knights
  3 bog bodies
  18 ironbound convokers
  7 lindwurms
  An orb spider (shapeshifter) (Vaults:5)
  6 deep elf archers
  A harpy (shapeshifter) (WizLab)
  33 deep elf zephyrmancers
  13 wizards
  26 deep elf pyromancers
  47 ugly things
  5 cyclopes
  7 harpies
  A mana viper (shapeshifter) (WizLab)
  6 orc sorcerers
  29 wolf spiders
  A salamander (D:15)
  4 will-o-the-wisps
  6 manticores
  5 elephants
  4 moths of wrath
  A rust devil (Abyss:2)
  4 black mambas
  2 ice statues (IceCv)
  A torpor snail (shapeshifter) (WizLab)
  3 guardian serpents (shapeshifter)
  5 apocalypse crabs (Swamp:1)
  14 vault sentinels
  A water nymph (shapeshifter) (WizLab)
  6 cane toads
  A gargoyle (D:13)
  9 large abominations
  An orange demon (Swamp:4)
  4 torpor snails
  2 efreet
  3 rime drakes
  A cane toad (shapeshifter) (WizLab)
  5 demonic crawlers
  A hellwing (Swamp:4)
  2 freezing wraiths (IceCv)
  8 komodo dragons
  5 anaconda simulacra (IceCv)
  2 elves (WizLab)
  An unseen horror (shapeshifter) (WizLab)
  5 ice devils (IceCv)
  3 entropy weaver simulacra (IceCv)
  39 yaktaurs
  2 yaktaurs (shapeshifter) (WizLab)
  8 polar bears
  2 trolls (D:9)
  27 meliai
  A komodo dragon (shapeshifter) (WizLab)
  A polar bear (shapeshifter) (WizLab)
  2 meliai (shapeshifter) (WizLab)
  21 hornets
  4 tyrant leeches
  2 hornets (shapeshifter) (WizLab)
  A queen bee (shapeshifter) (WizLab)
  22 tarantellas
  A bloated husk (Swamp:1)
  A wind drake (shapeshifter) (WizLab)
  9 blink frogs
  Prince Ribbit (D:8)
  32 slime creatures
  5 raiju (Abyss:2)
  25 jumping spiders
  4 shadows
  6 air elementals
  27 culicivoras
  2 water elementals (Elf:2)
  A ynoxinul (Abyss:2)
  2 spriggans (shapeshifter) (WizLab)
  A vampire (D:12)
  9 spriggans
  4 wraiths (Lair:6)
  3 yaks (shapeshifter) (WizLab)
  40 yaks
  The ghost of hoogis the Slasher, an amateur DrAK of Lugonu (D:4)
  4 wyverns
  15 humans
  5 fire elementals
  39 redbacks
  A steam dragon (D:8)
  A basilisk (shapeshifter) (WizLab)
  3 neqoxecs
  2 basilisks
  3 chaos spawn
  2 redbacks (shapeshifter)
  An iron golem (WizLab)
  17 vampire mosquitoes
  A spatial vortex (Abyss:2)
  A swamp worm (shapeshifter) (WizLab)
  8 swamp worms
  3 wargs
  2 harpy simulacra (IceCv)
  2 acid dragons
  Edmund (D:6)
  4 floating eyes (WizLab)
  9 water moccasins
  20 orc warriors
  A black bear (shapeshifter) (WizLab)
  3 black bears
  4 necrophages
  2 sky beasts
  A hornet zombie (D:5)
  13 small abominations
  9 ogres
  8 boggarts
  16 wolves
  7 centaurs
  A phantom (D:6)
  3 kobold brigands
  10 bullfrogs
  A gnoll sergeant (Orc:2)
  A cane toad simulacrum (IceCv)
  5 scorpions
  3 killer bees (D:10)
  16 wights
  4 howler monkeys
  5 electric eels
  8 crimson imps
  6 centaur zombies
  2 bullfrog skeletons
  3 hounds
  8 jellies
  2 centaur skeletons (D:7)
  An iron imp (Abyss:2)
  23 orc priests
  Jessica (D:2)
  2 iguanas
  27 orc wizards
  A polar bear simulacrum (IceCv)
  2 spriggan simulacra (IceCv)
  A killer bee zombie (D:7)
  8 gnolls
  4 adders
  A howler monkey skeleton (D:7)
  A howler monkey zombie (D:9)
  3 shadow imps
  A howler monkey simulacrum (D:9)
  A white imp (D:6)
  2 adder skeletons
  3 worms
  4 dart slugs
  72 orcs
  6 bats
  5 endoplasms
  4 giant cockroaches
  3 goblins
  9 hobgoblins
  7 jackals
  16 kobolds
  4 quokkas
  6 ball pythons
  6 frilled lizards
  3 rats
  A bush (Lair:6)
1568 creatures vanquished.

Vanquished Creatures (collateral kills)
  A death yak (Lair:6)
  Sonja (Orc:2)
  5 ugly things (D:14)
  An elephant (Lair:1)
  6 yaks
  5 humans (D:14)
  A warg (Orc:2)
  3 orc warriors
  An orc priest (Orc:2)
  An orc wizard (Orc:2)
  An orc (Orc:2)
26 creatures vanquished.

Vanquished Creatures (others)
  Jorgrun (Swamp:1)
  Nessos (D:14)
  Urug (D:14)
  A deep elf knight (Elf:1)
  An elephant (Lair:5)
  A troll (Orc:2)
  2 yaks (Lair:5)
  A small abomination (Abyss:2)
  An orc warrior (Orc:2)
  13 foxfires
  36 fungi
  82 plants
  3 starspawn tentacles (Abyss:2)
144 creatures vanquished.

Grand Total: 1738 creatures vanquished

Notes
Turn   | Place    | Note
-------+----------+-------------------------------------------
     0 | D:1      | mdonais the Octopode Hunter began the quest for the Orb.
     0 | D:1      | Reached XP level 1. HP: 14/14 MP: 1/1
   214 | D:1      | Reached XP level 2. HP: 20/20 MP: 2/2
  1193 | D:2      | Reached XP level 3. HP: 25/25 MP: 3/3
  1304 | D:2      | Found a faded altar of an unknown god.
  1362 | D:2      | Reached skill level 3 in Fighting
  1983 | D:2      | Noticed Jessica
  2125 | D:2      | Found a hide-covered altar of Uskayaw.
  2236 | D:2      | Reached XP level 4. HP: 31/31 MP: 4/4
  3349 | D:3      | Reached XP level 5. HP: 32/37 MP: 5/5
  3421 | D:4      | Reached skill level 4 in Fighting
  3421 | D:4      | Reached skill level 5 in Slings
  3720 | D:4      | Noticed an ogre
  4046 | D:4      | Noticed a black bear
  4053 | D:4      | Killed a black bear
  4054 | D:4      | Reached XP level 6. HP: 43/43 MP: 6/6
  4056 | D:4      | Identified the +9 spear of Due Proportion {pain, Str+2
                  | Dex+4 SInv}
  4553 | D:4      | Found a large runed translucent door.
  4554 | D:4      | Found a large runed translucent door.
  4555 | D:4      | Noticed hoogis's ghost (amateur DrAK)
  4766 | D:5      | Entered Level 5 of the Dungeon
  5151 | D:4      | Reached XP level 7. HP: 19/49 MP: 7/7
  5336 | D:5      | Upgraded the game from 0.29-a0-194-g6e3aafee17 to
                  | 0.29-a0-214-g17f627cfee
  5713 | D:5      | Reached skill level 5 in Fighting
  6144 | D:5      | Reached XP level 8. HP: 57/57 MP: 8/8
  6403 | D:5      | Found a glowing golden altar of the Shining One.
  6566 | D:6      | Reached skill level 6 in Fighting
  6645 | D:6      | Found a staircase to the Ecumenical Temple.
  6653 | Temple   | Entered the Ecumenical Temple
  6982 | Temple   | Became a worshipper of Warmaster Okawaru
  7278 | D:6      | Reached skill level 5 in Stealth
  7537 | D:6      | Reached * piety under Okawaru
  7709 | D:6      | Reached XP level 9. HP: 53/63 MP: 9/9
  7891 | D:6      | Reached skill level 7 in Fighting
  8143 | D:6      | Noticed Edmund
  8637 | D:6      | Learned a level 2 spell: Blink
  8700 | D:7      | Reached ** piety under Okawaru
  8778 | D:7      | Reached skill level 1 in Invocations
  8885 | D:7      | Reached skill level 1 in Evocations
  9155 | D:7      | Reached skill level 8 in Fighting
  9252 | D:7      | Reached *** piety under Okawaru
  9253 | D:7      | Reached skill level 10 in Slings
  9505 | D:7      | Noticed Harold
  9808 | D:2      | Killed Jessica
 10081 | D:4      | Killed hoogis's ghost
 10082 | D:4      | Reached XP level 10. HP: 31/72 MP: 6/12
 10812 | D:6      | Found a staircase to the Ecumenical Temple.
 10837 | D:6      | Killed Edmund
 11548 | D:8      | Reached skill level 5 in Dodging
 11548 | D:8      | Reached skill level 1 in Spellcasting
 11548 | D:8      | Reached skill level 1 in Translocations
 11849 | D:7      | Killed Harold
 11849 | D:7      | Reached **** piety under Okawaru
 12353 | D:8      | Found Lein's Armour Emporium.
 12414 | D:8      | Noticed a red ugly thing
 12778 | D:8      | Found a radiant altar of Vehumet.
 12843 | D:8      | Learned a level 2 spell: Passwall
 13226 | D:8      | Found a staircase to the Lair.
 13486 | D:9      | Received a gift from Okawaru
 13487 | D:9      | Reached skill level 9 in Fighting
 13749 | D:9      | Identified the +4 scythe "Vefasub" {drain, *Rage Fly Str+3
                  | Dex+5}
 14336 | D:9      | Reached skill level 1 in Shields
 14382 | D:9      | Reached skill level 1 in Earth Magic
 14505 | D:9      | Noticed a deep elf pyromancer
 14513 | D:9      | Killed a deep elf pyromancer
 14513 | D:9      | Received a gift from Okawaru
 14514 | D:9      | Reached skill level 1 in Transmutations
 14514 | D:9      | Reached XP level 11. HP: 80/80 MP: 12/14
 14514 | D:9      | Identified the +3 shortbow of the Extremes {vorpal, Str+7
                  | SInv}
 14514 | D:9      | Noticed a tengu warrior
 14541 | D:9      | Noticed Prince Ribbit
 14557 | D:8      | Killed Prince Ribbit
 14759 | D:8      | Killed a red ugly thing
 14848 | D:9      | Killed a tengu warrior
 14848 | D:9      | Received a gift from Okawaru
 14849 | D:9      | Reached skill level 5 in Shields
 15058 | D:9      | Upgraded the game from 0.29-a0-214-g17f627cfee to
                  | 0.29-a0-219-g0a02b1cf4f
 15289 | D:9      | Found a staircase to the Orcish Mines.
 15298 | D:9      | Noticed a deep elf pyromancer
 15308 | D:9      | Killed a deep elf pyromancer
 15360 | D:9      | Reached ***** piety under Okawaru
 15363 | D:9      | Identified the ring "Odorph" {rPois rN+ Will- Int+6 Dex+8}
 15363 | D:9      | Noticed a centaur warrior
 15790 | D:9      | Reached skill level 10 in Fighting
 15804 | D:9      | Noticed a two-headed ogre
 15839 | D:9      | Killed a two-headed ogre
 15840 | D:9      | Reached skill level 1 in Unarmed Combat
 16317 | Lair:1   | Entered Level 1 of the Lair of Beasts
 16341 | D:8      | Received a gift from Okawaru
 17703 | Lair:1   | Received a gift from Okawaru
 18744 | Lair:2   | Noticed a catoblepas
 18761 | Lair:2   | Killed a catoblepas
 18761 | Lair:2   | Received a gift from Okawaru
 18762 | Lair:2   | Reached skill level 5 in Invocations
 18762 | Lair:2   | Reached XP level 12. HP: 60/88 MP: 9/15
 18896 | Lair:2   | Noticed a death yak
 19120 | Lair:2   | Noticed a five-headed hydra
 19128 | Lair:2   | Killed a five-headed hydra
 19172 | Lair:2   | Noticed a death yak
 19285 | Lair:1   | Killed a death yak
 19672 | Lair:1   | Killed a death yak
 19673 | Lair:1   | Reached skill level 11 in Fighting
 19845 | Lair:2   | Received a gift from Okawaru
 19927 | Lair:2   | Noticed a four-headed hydra
 19951 | Lair:2   | Killed a four-headed hydra
 20563 | Lair:3   | Received a gift from Okawaru
 20818 | Lair:3   | Found a hole to the Spider Nest.
 20998 | Lair:3   | Reached skill level 5 in Evocations
 21390 | Lair:3   | Found a blossoming altar of Fedhas.
 21723 | Lair:4   | Found a staircase to the Swamp.
 22105 | Lair:4   | Reached skill level 12 in Fighting
 22136 | Lair:4   | Received a gift from Okawaru
 22500 | Lair:4   | Noticed a catoblepas
 22583 | Lair:4   | Killed a catoblepas
 22583 | Lair:4   | Received a gift from Okawaru
 23018 | Lair:4   | Noticed an azure jelly
 23440 | Lair:5   | Noticed Rupert
 23461 | Lair:4   | Reached XP level 13. HP: 97/97 MP: 18/18
 24022 | D:9      | Paralysed by a hornet for 2 turns
 24261 | D:9      | Paralysed by an orc wizard for 7 turns
 25045 | D:9      | Received a gift from Okawaru
 25372 | D:10     | Entered Level 10 of the Dungeon
 25818 | D:10     | Found Vehal's Antique Armour Shoppe.
 26471 | D:11     | Found a shadowy altar of Dithmenos.
 26606 | D:11     | Reached skill level 13 in Fighting
 26624 | D:11     | Learned a level 7 spell: Storm Form
 26678 | D:11     | Received a gift from Okawaru
 26967 | Orc:1    | Entered Level 1 of the Orcish Mines
 27553 | D:9      | Reached skill level 5 in Unarmed Combat
 27557 | D:9      | Identified the +7 rapier "Kudduoshics" {antimagic, rC+++
                  | Str+4 Int-3 SInv} (Okawaru gifted it to you on level 9 of
                  | the Dungeon)
 27557 | D:9      | Received a gift from Okawaru
 27905 | Orc:2    | Entered Level 2 of the Orcish Mines
 27926 | Orc:2    | Noticed Sonja
 27965 | Orc:2    | Killed Sonja
 28425 | Orc:2    | Found a staircase to the Elven Halls.
 29184 | Orc:2    | Reached skill level 5 in Spellcasting
 29808 | Orc:2    | Reached XP level 14. HP: 104/106 MP: 7/23
 29819 | Orc:2    | Reached ****** piety under Okawaru
 29949 | Orc:2    | Received a gift from Okawaru
 30552 | Orc:2    | Found Xegatepha's General Store.
 30552 | Orc:2    | Found Mugat's Jewellery Shoppe.
 30600 | Orc:2    | Found Daebeop's Book Shop.
 30600 | Orc:2    | Found Defyzae's Magic Scroll Shop.
 30655 | Orc:2    | Bought the ring "Metuiwack" {rElec Will+ Str+4 Slay+2
                  | Stlth+} for 761 gold pieces
 30838 | Lair:4   | Killed an azure jelly
 31647 | Lair:5   | Killed Rupert
 31648 | Lair:5   | Reached skill level 5 in Transmutations
 32082 | Lair:5   | Found a runed translucent door.
 32086 | Lair:5   | Found a viscous altar of Jiyva.
 32087 | Lair:5   | Found a staircase to the Slime Pits.
 32087 | Lair:5   | Noticed an acid blob
 32211 | Lair:4   | Identified the +3 hat of Xourhed {Will- Int+3 Dex+6}
                  | (Okawaru gifted it to you on level 4 of the Lair of Beasts)
 32211 | Lair:4   | Received a gift from Okawaru
 32221 | Lair:4   | Upgraded the game from 0.29-a0-219-g0a02b1cf4f to
                  | 0.29-a0-231-g945431f764
 32868 | Lair:6   | Entered Level 6 of the Lair of Beasts
 33335 | Lair:6   | Noticed Josephine
 33723 | Lair:6   | Killed Josephine
 33934 | Lair:6   | Reached skill level 1 in Air Magic
 34978 | Lair:6   | Reached skill level 5 in Air Magic
 35533 | Lair:6   | Identified the +10 chain mail of the Robin {rElec rC+}
 35685 | Lair:6   | Reached XP level 15. HP: 88/110 MP: 21/25
 35755 | Lair:6   | Learned a level 5 spell: Manifold Assault
 35758 | Lair:6   | Learned a level 2 spell: Static Discharge
 35762 | Lair:6   | Learned a level 3 spell: Swiftness
 36262 | D:11     | Received a gift from Okawaru
 37022 | D:12     | Found a bloodstained altar of Trog.
 37098 | D:12     | Received a gift from Okawaru
 37428 | D:13     | Received a gift from Okawaru
 37442 | D:13     | Found a frozen archway.
 37485 | IceCv    | Entered an ice cave
 37642 | IceCv    | Received a gift from Okawaru
 37689 | IceCv    | Received a gift from Okawaru
 38424 | D:13     | Received a gift from Okawaru
 38424 | D:13     | Found the +3 warlock's mirror {reflect}
 38812 | D:14     | Noticed Nessos
 38812 | D:14     | Noticed Urug
 38812 | D:14     | Found a gate to the Vaults.
 38897 | D:14     | Killed Urug
 38926 | D:14     | Killed Nessos
 39326 | D:14     | Reached skill level 10 in Transmutations
 39332 | D:14     | Reached skill level 10 in Air Magic
 40585 | D:14     | Found a gate to the Vaults.
 40893 | D:15     | Entered Level 15 of the Dungeon
 41440 | D:15     | Reached XP level 16. HP: 80/117 MP: 6/27
 41625 | D:15     | Found Nuratero's Jewellery Shoppe.
 41724 | D:15     | Found a staircase to the Depths.
 42136 | Orc:2    | Bought the amulet "Maejiu" {Faith Int+5} for 747 gold
                  | pieces
 42327 | D:15     | Bought the ring "Funakk" {Wiz rF+} for 572 gold pieces
 42480 | Elf:1    | Entered Level 1 of the Elven Halls
 42486 | Elf:1    | Paralysed by an air elemental for 1 turns
 42492 | Elf:1    | Paralysed by an air elemental for 1 turns
 42636 | Elf:1    | Found Herphoun's Weapon Shop.
 42653 | Elf:1    | Received a gift from Okawaru
 42658 | Elf:1    | Found a runed translucent door.
 42660 | Elf:1    | Found a magical portal.
 42660 | Elf:1    | You fall into a shaft and drop 1 floor!
 42684 | Elf:2    | Found a runed translucent gate.
 42684 | Elf:2    | Found a runed translucent gate.
 42685 | Elf:2    | Found a runed translucent gate.
 42707 | Elf:2    | Found Dilij's Neck Hole.
 42795 | WizLab   | Entered Cigotuvi's Fleshworks
 44298 | WizLab   | Paralysed by a floating eye for 3 turns
 44303 | WizLab   | Paralysed by a floating eye for 4 turns
 44315 | WizLab   | Received a gift from Okawaru
 44320 | WizLab   | Paralysed by a floating eye for 4 turns
 44329 | WizLab   | Paralysed by a floating eye for 3 turns
 44971 | WizLab   | Identified the amulet of Rodghoce {Faith Fragile rPois
                  | SInv}
 45040 | WizLab   | Identified the +0 hat of Tinymij {rElec} (Okawaru gifted it
                  | to you in a wizard's laboratory)
 45040 | WizLab   | Received a gift from Okawaru
 45606 | WizLab   | Reached skill level 10 in Unarmed Combat
 45803 | WizLab   | Noticed Cigotuvi's Monster
 45825 | WizLab   | Killed Cigotuvi's Monster
 46171 | WizLab   | Got the Incunabulum of Moulding
 46174 | WizLab   | Got Utaomnai's Tome of Transmigration
 46182 | WizLab   | Got Cigotuvi's Almanac of Transformation and Darkness
 46294 | Elf:1    | Paralysed by an air elemental for 1 turns
 46318 | Elf:1    | Reached XP level 17. HP: 68/122 MP: 26/30
 46337 | Elf:1    | Identified the +5 fustibalus of Wunafeicom {flame, +Blink
                  | rF+ Str-5 Int+3} (Okawaru gifted it to you on level 1 of
                  | the Elven Halls)
 46337 | Elf:1    | Received a gift from Okawaru
 47011 | Elf:1    | Found Vatops's Distillery.
 47227 | Elf:1    | Found Woelar's General Store.
 47242 | Elf:1    | Found Zuhalij's Jewellery Shoppe.
 47339 | Elf:1    | Noticed a Brimstone Fiend
 47754 | Elf:1    | Identified the +0 kite shield of Truth {Drain rC+ Int+3}
                  | (Okawaru gifted it to you on level 1 of the Elven Halls)
 47754 | Elf:1    | Received a gift from Okawaru
 47987 | Elf:2    | Paralysed by an air elemental for 1 turns
 47993 | Elf:1    | Paralysed by an air elemental for 1 turns
 48578 | Spider:1 | Entered Level 1 of the Spider Nest
 48582 | Spider:1 | Noticed Frances
 48746 | Spider:1 | Gained mutation: You occasionally shout uncontrollably at
                  | your foes. [a neqoxec]
 48750 | Lair:3   | Killed Frances
 49151 | Spider:1 | Identified the +8 plate armour of Fortitude {rC+ Dex-4
                  | SInv}
 49584 | Spider:2 | Identified the +7 scimitar of Earthquakes {drain, +Blink
                  | rN+ Stlth+} (Okawaru gifted it to you on level 2 of the
                  | Spider Nest)
 49584 | Spider:2 | Received a gift from Okawaru
 49950 | Spider:1 | Reached skill level 5 in Translocations
 50204 | Spider:2 | Reached XP level 18. HP: 128/128 MP: 24/31
 50382 | Spider:2 | Received a gift from Okawaru
 51085 | Spider:3 | Reached skill level 15 in Unarmed Combat
 51732 | Spider:3 | Noticed Arachne
 51760 | Spider:3 | Killed Arachne
 52134 | Spider:4 | Entered Level 4 of the Spider Nest
 52144 | Spider:3 | Identified the +2 kite shield "Agucw" {Str+4 Int+2}
                  | (Okawaru gifted it to you on level 3 of the Spider Nest)
 52144 | Spider:3 | Received a gift from Okawaru
 52945 | Spider:4 | Identified Roxanne's Guide on Shape Shifting
 52945 | Spider:4 | Noticed Roxanne
 53002 | Spider:4 | Killed Roxanne
 53020 | Spider:4 | Learned a level 6 spell: Statue Form
 54517 | Spider:3 | Received a gift from Okawaru
 54518 | Spider:3 | Reached skill level 14 in Fighting
 54711 | Spider:4 | Reached XP level 19. HP: 132/136 MP: 1/32
 54790 | Spider:4 | Identified the +0 hat of Qeiferch {+Blink Int+3 Dex+3}
                  | (Okawaru gifted it to you on level 4 of the Spider Nest)
 54790 | Spider:4 | Received a gift from Okawaru
 54988 | Spider:4 | Reached skill level 10 in Dodging
 55080 | Spider:4 | Identified the -4 hat of Disaster {Harm Fly Dex+3}
 55125 | Spider:4 | Got a gossamer rune of Zot
 55323 | Swamp:1  | Entered Level 1 of the Swamp
 55571 | Swamp:1  | Noticed Mlioglotl
 55576 | Swamp:1  | Reached skill level 5 in Earth Magic
 55581 | Arena    | Entered the Arena
 55583 | Arena    | Killed Mlioglotl
 55905 | Swamp:1  | Learned a level 5 spell: Irradiate
 56121 | Swamp:1  | Found a runed translucent door.
 56184 | Swamp:1  | Noticed Jorgrun
 56191 | Swamp:1  | Killed Jorgrun
 57427 | Swamp:2  | Received a gift from Okawaru
 57427 | Swamp:2  | Found the +3 sling "Punk" {acid, rCorr}
 58562 | Elf:2    | Found Siehumada's Antique Weapon Shop.
 58910 | Elf:2    | Bought the amulet of Rationality {Reflect Fragile rN+ Dex+7
                  | SH+5 Stlth-} for 782 gold pieces
 59172 | Elf:2    | Received a gift from Okawaru
 59280 | Elf:2    | Reached skill level 15 in Fighting
 59439 | Elf:3    | Entered Level 3 of the Elven Halls
 59514 | Elf:3    | Paralysed by an air elemental for 1 turns
 59526 | Elf:3    | Paralysed by an air elemental for 1 turns
 59531 | Elf:3    | Cast into level 2 of the Abyss (a deep elf sorcerer)
 59693 | Abyss:2  | Noticed a Hell Sentinel
 59706 | Abyss:2  | Killed a Hell Sentinel
 59824 | Abyss:2  | Lost mutation: You occasionally shout uncontrollably at
                  | your foes. [potion of mutation]
 59824 | Abyss:2  | Gained mutation: You have an increased reservoir of magic.
                  | (+10% MP) [potion of mutation]
 59824 | Abyss:2  | Gained mutation: You possess an exceptional clarity of
                  | mind. [potion of mutation]
 59846 | Elf:3    | Escaped the Abyss
 59853 | Elf:3    | Paralysed by an air elemental for 1 turns
 59863 | Elf:3    | Noticed Aizul
 60244 | Swamp:3  | Reached XP level 20. HP: 136/145 MP: 37/37
 60625 | Swamp:4  | Entered Level 4 of the Swamp
 61139 | Swamp:4  | Noticed Donald
 61147 | Swamp:4  | Killed Donald
 61416 | Swamp:4  | Reached skill level 10 in Earth Magic
 61446 | Swamp:4  | Got a decaying rune of Zot
 61903 | Vaults:1 | Entered Level 1 of the Vaults
 61954 | Vaults:1 | Received a gift from Okawaru
 62125 | Vaults:1 | Received a gift from Okawaru
 63093 | Vaults:1 | Received a gift from Okawaru
 63403 | Vaults:1 | Reached skill level 10 in Shields
 63663 | Vaults:2 | Found a flickering gateway to a bazaar.
 63676 | Bazaar   | Entered a bazaar
 63681 | Bazaar   | Found Duxzeucw's Armour Boutique.
 63698 | Bazaar   | Found Noath's Book Shop.
 63704 | Bazaar   | Found Towivvag's Assorted Antiques.
 63712 | Bazaar   | Found Myshrohi's Magic Scroll Emporium.
 63719 | Bazaar   | Found Curpho Wueleu's Antique Armour Emporium.
 63734 | Bazaar   | Bought a scroll of enchant armour for 67 gold pieces
 63734 | Bazaar   | Bought a scroll of blinking for 67 gold pieces
 63734 | Bazaar   | Bought a scroll of fog for 18 gold pieces
 63805 | Vaults:2 | Reached XP level 21. HP: 152/152 MP: 38/38
 64220 | Vaults:2 | Found a staircase to the Crypt.
 64595 | Vaults:2 | Received a gift from Okawaru
 64848 | Vaults:2 | Reached skill level 16 in Fighting
 64852 | Vaults:2 | Paralysed by a great orb of eyes for 7 turns
 65546 | Vaults:3 | Received a gift from Okawaru
 65643 | Vaults:3 | Found Leosh's Book Emporium.
 65853 | Vaults:3 | Received a gift from Okawaru
 66505 | Vaults:3 | Received a gift from Okawaru
 66634 | Vaults:3 | Learned a level 1 spell: Apportation
 66831 | Vaults:4 | Noticed Mara
 66893 | Vaults:4 | Killed Mara
 66894 | Vaults:4 | Reached XP level 22. HP: 162/162 MP: 29/39
 66915 | Vaults:4 | Received a gift from Okawaru
 67009 | Vaults:4 | Received a gift from Okawaru
 67126 | Vaults:4 | Identified the +2 buckler "Baujuir" {Will+} (Okawaru gifted
                  | it to you on level 4 of the Vaults)
 67126 | Vaults:4 | Received a gift from Okawaru
 67129 | Vaults:4 | Reached skill level 10 in Spellcasting
 67236 | Vaults:4 | Found Icsolutt's Antique Weapon Boutique.
 67831 | Vaults:4 | Reached skill level 17 in Fighting
 68680 | Vaults:4 | Found the +18 shield of the Gong {rElec rN+ Will+ EV-5}
 68717 | Vaults:5 | Entered Level 5 of the Vaults
 68719 | Vaults:5 | Noticed a dread lich
 68725 | Vaults:5 | Noticed a dread lich
 68726 | Vaults:5 | Received a gift from Okawaru
 68729 | Vaults:5 | Paralysed by a dread lich for 4 turns
 68731 | Vaults:5 | HP: 4/210 [ettin/+1 dire flail of protection (15)]
 68731 | Vaults:5 | Demolished by a reaper

Illustrated notes

Levels and vault maps discovered:
D:1:      dpeg_arrival_boxes_within_box, layout_basic
D:2:      minmay_chambers_of_twos, layout_basic, basic_altar,
          ebering_ecumenical_altar_rust, uniq_jessica
D:3:      layout_loops_cross, grunt_ministairs_12
D:4:      layout_basic, ebering_ghost_disaster_area
D:5:      layout_rooms, nicolae_tso_swordbearing_angel, minmay_misc_feat_iff,
          palyth_stone_intersect, minmay_a_box_with_orc_wizards_in_it
D:6:      minmay_octagon_keep, layout_cave_pools, minmay_temple_entry_ruins,
          uniq_edmund
D:7:      layout_cave_pools, minmay_strange_pillars, serial_bayou_pond_c,
          fountainhead, st_stairs_5, minmay_nine_imps, uniq_harold
D:8:      layout_loops_ring, vehumet_altar_wand_db, lair_entry_dummy,
          serial_shops, shop_statue
D:9:      minmay_the_grid_octo_triangle [minmay_the_grid_octo_clover,
          minmay_the_grid_octo_prize_ultimate_mussel_roller,
          minmay_the_grid_octo_chip], layout_stronghold, uniq_prince_ribbit1
D:10:     layout_gridville, serial_shops, shop_fountains,
          chequers_serial_rivers_small_b
D:11:     layout_basic, nicolae_dithmenos_through_a_glass_darkly
D:12:     layout_cave_pools, serial_glass, glass_columns_b, glass_columns_a,
          glass_columns_a, glass_columns_c, item_on_display_a,
          due_unseen_surprise, feat_on_display, trog_ov_bears_minmay
D:13:     layout_big_octagon, portal_ice_cave_entry_animals_and_master
D:14:     layout_cave_pods, david_vaults_3, serial_bayou_shore_b
D:15:     hangedman_depths_entry_try_elsewhere_first, layout_loops_ring,
          hangedman_decor_peaks_small, serial_shops, shop
Temple:   mainiacjoe_temple_cubbyholes
Lair:1:   layout_gridlike, serial_bayou_shore_a, serial_bayou_shore_b
Lair:2:   layout_regular_city, grunt_megastairs_5
Lair:3:   layout_regular_city, spider_nest_entry_webs, tgw_fedhas
Lair:4:   layout_cave_pods, swamp_mist, serial_forest,
          infiniplex_forest_clump_double, infiniplex_forest_straight_3,
          infiniplex_forest_lined_3, infiniplex_forest_end_3,
          infiniplex_forest_end_2, infiniplex_forest_diagonal,
          infiniplex_forest_clump_double, nicolae_lair_time_for_slime,
          infiniplex_staircase_pool_2
Lair:5:   layout_gridlike, slime_altar_2, uniq_rupert
Lair:6:   evilmike_catoblepas_cave, layout_cave_shapes,
          grunt_forest_small_clearing_treed, uniq_josephine
Swamp:1:  gammafunk_mikee_crab_dinner, layout_falls_marsh,
          nicolae_swamp_orc_logging_accident, uniq_mlioglotl, uniq_jorgrun
Swamp:2:  layout_basic_swamp, hangedman_swamp_ruin_wall
Swamp:3:  layout_basic_swamp, serial_swamp_ruin, evilmike_swamp_ruin_rubble_2,
          evilmike_swamp_ruin_house_3, infiniplex_staircase_pool
Swamp:4:  nzn_swamp_witches_coven, layout_basic_swamp, uniq_donald
Spider:1: layout_spider_delve, uniq_frances
Spider:2: layout_spider_delve
Spider:3: layout_spider_delve, uniq_arachne
Spider:4: spider_rune_water, uniq_roxanne
Orc:1:    layout_diamond_mine
Orc:2:    st_orc_elflike, layout_caves, uniq_sonja
Elf:1:    nicolae_elf_arrival_aired_out, layout_rooms, serial_shops,
          nicolae_shop_trees, nicolae_shop_behind_doors, nicolae_diamond_shop,
          nicolae_lakefront_shop, mu_enter_wizlab_1, minmay_elf_demonology,
          nicolae_danse_macabre
Elf:2:    elven_hall_of_blades_hangedman_original [grunt_blade_entry_basic],
          layout_loops_cross, serial_shops, shop,
          nicolae_shop_sticking_my_neck_out
Elf:3:    minmay_elf_hall_not_hex, layout_rooms, uniq_saint_roka, uniq_aizul
Vaults:1: hangedman_vaults_slither, v_misc_23, nicolae_vaults_network_barrier,
          v_misc_17, nicolae_vaults_big_angled_halls, v_misc_25,
          hangedman_vaults_nails, ontoclasm_vaults_hangar,
          vaults_room_glass_cross, v_misc_10, vaults_dpeg_diagonal,
          layout_vaults_big_cross
Vaults:2: v_misc_4, vaults_room_hallway, minmay_crypt_entry_simple_sparse,
          ontoclasm_vaults_gallery, vaults_room_door_hall, v_misc_26,
          nicolae_vaults_little_squares_4, layout_vaults_omnigrid, serial_shops,
          bzr_entry_water
Vaults:3: v_pattern_2, hangedman_vaults_stitches, v_misc_18, vaults_room_boxed,
          v_misc_14, st_star, nicolae_vaults_triangles,
          vaults_dpeg_encased_lava, hangedman_vaults_impose, vaults_dpeg_doors,
          vaults_room_corners, ontoclasm_vaults_decontamination,
          nicolae_vaults_ring_of_whatevers, layout_vaults_omnibox, serial_shops,
          nicolae_shop_trees
Vaults:4: ontoclasm_vaults_ring_large, hellmonk_guarded_unrand_gong,
          nicolae_vaults_stairing_the_circle, v_misc_23, vaults_room_door_ring,
          v_misc_25, hangedman_vaults_maws, vaults_standard_mumra_x,
          v_pattern_3, ontoclasm_vaults_eye, ontoclasm_vaults_fault,
          ontoclasm_vaults_pinch, layout_vaults_ring, serial_shops,
          nicolae_shop_trees, uniq_mara
Vaults:5: uniq_sojobo

Skill      XL: |  1  2  3  4  5  6  7  8  9 10 11 12 13 14 15 16 17 18 19 20 21 22 |
---------------+-------------------------------------------------------------------+-----
Stealth        | 2 3 4 5 6 7 |  7.0
Fighting       | 3 4 5 6 8 9 10 12 13 14 15 16 17 | 17.0
Slings         | 6 7 8 10 11 13 14 | 14.4
Dodging        | 3 4 5 6 7 8 9 11 12 13 14 | 14.5
Invocations    | 3 5 7 8 9 |  9.0
Evocations     | 3 4 7 |  7.0
Spellcasting   | 2 6 7 9 10 | 10.0
Translocations | 4 5 6 |  6.1
Necromancy     | 3 |  3.0
Shields        | 2 5 10 11 13 | 13.0
Earth Magic    | 1 3 8 10 | 10.0
Transmutations | 1 2 9 10 12 13 | 13.7
Unarmed Combat | 2 7 12 14 15 16 | 16.7
Air Magic      | 5 10 12 13 | 13.0

Action                   |  1- 3 |  4- 6 |  7- 9 | 10-12 | 13-15 | 16-18 | 19-21 | 22-24 || total
-------------------------+-------+-------+-------+-------+-------+-------+-------+-------++-------
Melee: Dagger            |    40 |    27 |       |       |       |       |       |       ||    67
       Constrict         |    12 |    10 |    28 |    41 |    90 |    70 |    97 |    12 ||   360
       Tentacles         |     7 |    12 |    46 |   106 |   258 |   119 |   169 |    32 ||   749
       Unarmed           |     2 |       |       |       |       |   633 |   698 |   191 ||  1524
       Punch             |     1 |     2 |     2 |    12 |    58 |   107 |   110 |    30 ||   322
       Spear             |       |    25 |   157 |   377 |   196 |       |       |       ||   755
       Rapier            |       |       |       |       |   524 |   297 |       |       ||   821
 Fire: Hunting sling     |    70 |   131 |   193 |   445 |   798 |    19 |       |       ||  1656
       Fustibalus        |       |       |       |       |       |    26 |   541 |       ||   567
Throw: Dart              |       |       |     4 |    25 |    70 |     3 |       |       ||   102
       Stone             |       |       |       |     1 |       |       |       |       ||     1
       Throwing net      |       |       |       |     1 |       |       |       |       ||     1
       Javelin           |       |       |       |       |    20 |     1 |       |       ||    21
       Boomerang         |       |       |       |       |     1 |       |       |       ||     1
 Cast: Passwall          |       |       |       |     1 |     6 |    18 |       |       ||    25
       Blink             |       |       |       |     2 |     7 |       |       |       ||     9
       Swiftness         |       |       |       |       |     1 |       |       |       ||     1
       Storm Form        |       |       |       |       |       |    53 |     8 |     4 ||    65
       Manifold Assault  |       |       |       |       |       |    18 |    28 |    11 ||    57
       Statue Form       |       |       |       |       |       |     2 |    61 |     6 ||    69
       Static Discharge  |       |       |       |       |       |     1 |       |       ||     1
Invok: Heroism           |       |       |       |     4 |    26 |    16 |     4 |     3 ||    53
       Finesse           |       |       |       |     1 |     2 |     5 |     1 |       ||     9
       Duel              |       |       |       |       |       |       |     1 |       ||     1
 Abil: Blinkbolt         |       |       |       |       |       |    24 |     8 |     4 ||    36
       End Transformatio |       |       |       |       |       |       |     1 |       ||     1
Evoke: Wand              |       |       |       |     6 |    14 |     2 |       |       ||    22
       Tin of tremorston |       |       |       |     2 |     5 |     1 |       |     2 ||    10
       Condenser vane    |       |       |       |       |       |       |       |     1 ||     1
  Use: Potion            |       |     2 |     4 |       |     2 |     7 |     3 |     1 ||    19
       Scroll            |       |       |     6 |     7 |    14 |    15 |     3 |       ||    45
 Stab: Sleeping          |     1 |       |     2 |     1 |    18 |    16 |     2 |       ||    40
       Invisible         |       |       |     1 |       |     3 |       |       |       ||     4
       Distracted        |       |       |     1 |       |     2 |     1 |     4 |       ||     8
       Paralysed         |       |       |       |     5 |     7 |       |       |       ||    12
       Held in net/web   |       |       |       |       |       |     2 |       |       ||     2
Armor: Skin              |    11 |     2 |    15 |    51 |    60 |   238 |   200 |    44 ||   621
Dodge: Dodged            |    48 |    36 |   124 |   257 |   539 |  1085 |   677 |   228 ||  2994
Block: Buckler           |       |       |       |    79 |   269 |   203 |   273 |       ||   824
       Reflection        |       |       |       |       |     8 |     8 |   138 |     6 ||   160
       Kite shield       |       |       |       |       |       |       |   458 |   142 ||   600
       Other             |       |       |       |       |       |       |     5 |    22 ||    27

Table legend: (Time is in decaauts)
 A = Elapsed time spent in this place.
 B = Non-inter-level travel time spent in this place.
 C = Inter-level travel time spent in this place.
 D = Time resting spent in this place.
 E = Time spent auto-exploring this place.
 F = Levels seen in this place.
 G = Mean time per level.
                   A        B        C        D        E       F      G
               +--------+--------+--------+--------+--------+-----+--------+
         Total |  70320 |  64995 |   5325 |  26512 |  22446 |  45 | 1562.7 |
       Dungeon |  25404 |  22719 |   2685 |   8431 |   9020 |  15 | 1693.6 |
        Temple |    697 |    634 |     63 |    339 |    289 |   1 |  697.0 |
          Lair |  13268 |  12154 |   1114 |   5087 |   4384 |   6 | 2211.3 |
         Swamp |   4693 |   4358 |    335 |   1470 |   1530 |   4 | 1173.2 |
   Spider Nest |   6693 |   6379 |    314 |   3379 |   1676 |   4 | 1673.2 |
  Orcish Mines |   3299 |   2911 |    388 |   1066 |    810 |   2 | 1649.5 |
   Elven Halls |   4071 |   3836 |    235 |   1693 |    974 |   3 | 1357.0 |
        Vaults |   7460 |   7272 |    188 |   2077 |   3546 |   5 | 1492.0 |
         Abyss |    407 |    407 |      0 |    210 |      0 |   1 |  407.0 |
        Bazaar |     82 |     82 |      0 |      0 |     45 |   1 |   82.0 |
      Ice Cave |    766 |    766 |      0 |    309 |    128 |   1 |  766.0 |
        Wizlab |   3450 |   3450 |      0 |   2434 |     42 |   1 | 3450.0 |
         Arena |     22 |     22 |      0 |     13 |      0 |   1 |   22.0 |
               +--------+--------+--------+--------+--------+-----+--------+

Top non-repeatable levels by time:
     D:9: 3577 daAuts
  WizLab: 3450 daAuts
  Lair:4: 3164 daAuts
     D:8: 2793 daAuts
Spider:3: 2684 daAuts
  Lair:6: 2668 daAuts
  Lair:1: 2478 daAuts
   Orc:2: 2433 daAuts
   Elf:1: 2384 daAuts
     D:4: 2187 daAuts
     D:7: 2090 daAuts
     D:6: 2085 daAuts
 Swamp:1: 2007 daAuts
Spider:4: 1930 daAuts
    D:14: 1913 daAuts
